 Dungeon Crawl Stone Soup version 0.26-a0-652-gafc20e3620 (webtiles) character file.

Game seed: 4755812823698934844

2154635 emiel the Slayer (level 27, 86/312 HPs)
             Began as a Naga Fighter on Oct 1, 2020.
             Was the Champion of Okawaru.
             Escaped with the Orb
             ... and 3 runes on Oct 2, 2020!
             The game lasted 01:34:03 (47106 turns).

emiel the Slayer (Naga Fighter)                    Turns: 47106, Time: 01:34:04

Health: 86/312     AC: 61    Str: 29      XL:     27
Magic:  27/27      EV: 15    Int: 10 (11) God:    Okawaru [******]
Gold:   7180       SH: 28    Dex: 21 (22) Spells: 26/26 levels left

rFire    + + .     SeeInvis +   L - +9 broad axe (vamp)
rCold    . . .     Faith    .   V - +1 tower shield of Zakluz {+Blink MR+ Regen+ Str-2}
rNeg     + . .     Spirit   .   E - +11 crystal plate armour of Focus {Dex+4}
rPois    +         Reflect  +   D - +1 hat of the Scribe {MR++ Dex+5 Stlth-}
rElec    .         Harm     .   C - +2 cloak {Stlth+}
rCorr    .         Rampage  .   Y - +2 pair of gloves {archery}
MR       +++++                  W - +4 barding {rF+}
Stlth    ..........             n - amulet of reflection
HPRegen  1.02/turn              S - ring "Kidule" {rN+ Str+2}
MPRegen  0.20/turn              a - ring of protection from fire

@: very slow
A: large, see invisible, agile 1, deformed body, deterioration 1, poison
resistance, robust 1, slowness 2, spit poison 1, constrict 1, AC +9
0: Orb of Zot
}: 3/15 runes: serpentine, barnacled, silver
a: Spit Poison, Heroism, Finesse, Renounce Religion, Evoke Blink


You escaped.
You worshipped Okawaru.
Okawaru was exalted by your worship.
You visited 10 branches of the dungeon, and saw 50 of its levels.
You visited the Abyss 1 time.
You visited 1 bazaar.
You visited 1 ziggurat, and saw 10 of its levels.
You also visited: Gauntlet and Ice Cave.

You collected 9451 gold pieces.
You spent 2271 gold pieces at shops.

Inventory:

Hand Weapons
 L - a +9 vampiric broad axe (weapon)
Armour
 C - a +2 cloak of stealth (worn)
 D - the +1 hat of the Scribe (worn) {MR++ Dex+5 Stlth-}
   (You found it in an ice cave)

   It affects your dexterity (+5).
   It affects your resistance to hostile enchantments.
   It makes you less stealthy.
 E - the +11 crystal plate armour of Focus (worn) {Dex+4}
   (Okawaru gifted it to you on level 2 of the Vaults)

   It affects your dexterity (+4).
 V - the +1 tower shield of Zakluz (worn) {+Blink MR+ Regen+ Str-2}
   (You found it in a Gauntlet)

   It affects your strength (-2).
   It affects your resistance to hostile enchantments.
   It lets you blink.
   It increases your rate of regeneration.
 W - a +4 barding of fire resistance (worn)
 Y - a +2 pair of gloves of archery (worn)
Jewellery
 a - a ring of protection from fire (right hand)
 m - an uncursed ring of protection from cold
 n - an amulet of reflection (around neck)
 v - the ring "Qofar" {rF+ rN+ MR+ Str-4}
   (You acquired it on level 3 of the Vaults)

   [ring of positive energy]

   It affects your strength (-4).
   It protects you from fire.
   It protects you from negative energy.
   It affects your resistance to hostile enchantments.
 Q - the ring "Mifroj" {+Blink MR+ Str+3}
   (You found it in a Gauntlet)

   [ring of protection from magic]

   It affects your strength (+3).
   It affects your resistance to hostile enchantments.
   It lets you blink.
 S - the ring "Kidule" (left hand) {rN+ Str+2}
   (You took it off a minotaur in a Gauntlet)

   [ring of positive energy]

   It affects your strength (+2).
   It protects you from negative energy.
 X - an uncursed ring of resist corrosion
Wands
 t - a wand of digging (17)
 u - a wand of paralysis (21)
 y - a wand of flame (26)
 z - a wand of acid (43)
 A - a wand of polymorph (16)
 O - a wand of iceblast (28)
 P - a wand of disintegration (6)
 R - a wand of enslavement (25)
Scrolls
 d - 2 scrolls of enchant armour
 e - 8 scrolls of fog
 h - 26 scrolls of teleportation
 i - 8 scrolls of fear
 o - 21 scrolls of remove curse
 p - 6 scrolls of magic mapping
 s - 12 scrolls of amnesia
 B - 12 scrolls of immolation
 H - 4 scrolls of identify
 K - 6 scrolls of blinking
 M - 2 scrolls of summoning
Potions
 b - 5 potions of flight
 c - 3 potions of invisibility
 g - 21 potions of curing
 j - 6 potions of haste
 k - 5 potions of lignification
 l - 9 potions of brilliance
 q - 6 potions of heal wounds
 r - 6 potions of berserk rage
 x - 4 potions of mutation
 F - 9 potions of stabbing
 G - 4 potions of cancellation
 I - a potion of resistance
 N - 5 potions of might
 T - 3 potions of magic
Miscellaneous
 f - a lightning rod (4/4)
 w - a tin of tremorstones (3/3)
 U - a box of beasts (3/3)
 Z - a condenser vane (2/2)


   Skills:
 + Level 23.9 Fighting
 - Level 18.0 Axes
 + Level 21.8 Armour
 + Level 19.4 Dodging
 - Level 15.0 Shields
 - Level 6.0 Invocations
 + Level 22.0 Evocations


You had 26 spell levels left.
You didn't know any spells.
Your spell library contained the following spells:

 Spells                   Type           Power        Failure   Level
 Animate Skeleton         Necr           #.....       98%         1
 Beastly Appendage        Tmut           #.....       98%         1
 Corona                   Hex            #......      98%         1
 Magic Dart               Conj           #...         98%         1
 Pain                     Necr           #...         98%         1
 Sandblast                Erth           #.....       98%         1
 Shock                    Conj/Air       #...         98%         1
 Summon Small Mammal      Summ           #...         98%         1
 Blink                    Tloc           N/A          99%         2
 Call Imp                 Summ           #.......     99%         2
 Ensorcelled Hibernation  Hex/Ice        #.....       99%         2
 Passwall                 Tmut/Erth      #.......     99%         2
 Slow                     Hex            #.......     99%         2
 Swiftness                Air            #.......     99%         2
 Wereblood                Tmut           #.......     99%         2
 Call Canine Familiar     Summ           #.......     100%        3
 Confusing Touch          Hex            #.......     100%        3
 Conjure Flame            Conj/Fire      #.......     100%        3
 Dazzling Flash           Conj/Hex       #.....       100%        3
 Gell's Gravitas          Tloc           #.........   100%        3
 Lesser Beckoning         Tloc           #.........   100%        3
 Mephitic Cloud           Conj/Pois/Air  #.......     100%        3
 Spider Form              Tmut/Pois      #.........   100%        3
 Static Discharge         Conj/Air       #.......     100%        3
 Stone Arrow              Conj/Erth      #.....       100%        3
 Summon Guardian Golem    Hex/Summ       #.......     100%        3
 Tukima's Dance           Hex            #.......     100%        3
 Vampiric Draining        Necr           #.........   100%        3
 Airstrike                Air            #.........   100%        4
 Animate Dead             Necr           #.........   100%        4
 Cause Fear               Hex            #.........   100%        4
 Fulminant Prism          Conj/Hex       #.........   100%        4
 Ice Form                 Ice/Tmut       #.......     100%        4
 Passage of Golubria      Tloc           N/A          100%        4
 Petrify                  Tmut/Erth      #.......     100%        4
 Summon Ice Beast         Ice/Summ       #.......     100%        4
 Summon Lightning Spire   Summ/Air       #.......     100%        4
 Agony                    Necr           #.......     100%        5
 Blade Hands              Tmut           #.........   100%        5
 Bolt of Magma            Conj/Fire/Erth #.........   100%        5
 Borgnjor's Vile Clutch   Necr/Erth      #.........   100%        5
 Irradiate                Conj/Tmut      #.........   100%        5
 Iskenderun's Battlesphe  Conj           #.......     100%        5
 Lee's Rapid Deconstruct  Erth           #.........   100%        5
 Lightning Bolt           Conj/Air       #.........   100%        5
 Metabolic Englaciation   Hex/Ice        #.........   100%        5
 Silence                  Hex/Air        #.........   100%        5
 Summon Demon             Summ           #.........   100%        5
 Summon Forest            Summ/Tloc      #.........   100%        5
 Summon Mana Viper        Hex/Summ       #.......     100%        5
 Yara's Violent Unravell  Hex/Tmut       #.........   100%        5
 Conjure Ball Lightning   Conj/Air       #.........   100%        6
 Death Channel            Necr           #.........   100%        6
 Freezing Cloud           Conj/Ice/Air   #.........   100%        6
 Hydra Form               Tmut           #.........   100%        6
 Invisibility             Hex            #.......     100%        6
 Iron Shot                Conj/Erth      #.........   100%        6
 Ozocubu's Refrigeration  Ice            #.........   100%        6
 Shadow Creatures         Summ           N/A          100%        6
 Simulacrum               Ice/Necr       #.........   100%        6
 Statue Form              Tmut/Erth      #........    100%        6
 Dragon Form              Tmut           #.........   100%        7
 Orb of Destruction       Conj           #.........   100%        7
 Spellforged Servitor     Conj/Summ      #.........   100%        7
 Summon Hydra             Summ           #.........   100%        7
 Discord                  Hex            #.........   100%        8
 Ignition                 Fire           #.........   100%        8
 Shatter                  Erth           #.........   100%        9
 Tornado                  Air            #.........   100%        9


Dungeon Overview and Level Annotations

Branches:
Dungeon (15/15)            Temple (1/1) D:4            Lair (6/6) D:10
 Shoals (4/4) Lair:2        Snake (4/4) Lair:2        Slime (0/5) Lair:6
    Orc (2/2) D:9             Elf (3/3) Orc:2        Vaults (5/5) D:13
  Crypt (0/3) Vaults:3     Depths (5/5) D:15            Zot (5/5) Depths:5
  IceCv (visited)         Gauntlet (visited)

Altars:
Ashenzari
Cheibriados
Dithmenos
Elyvilon
Fedhas
Gozag
Hepliaklqana
Kikubaaqudgha
Makhleb
Nemelex Xobeh
Okawaru
Qazlal
Ru
Sif Muna
Trog
Uskayaw
Vehumet
Wu Jian
Xom
Yredelemnul
Zin
The Shining One
Lugonu

Shops:
Orc:2 =*:}}(   Elf:2 !   Elf:3 ?   Snake:1 }=   Vaults:1 [   Vaults:4 (

Portals:
Hell: Depths:1 Depths:2 Depths:3 Depths:4
Abyss: Depths:1 Depths:3 Depths:4
Pandemonium: Depths:2 Depths:3

Annotations:
Elf:2 3 runed translucent doors


Innate Abilities, Weirdness & Mutations

You cannot wear boots.
Your serpentine skin is tough. (AC +9)
You have supernaturally acute eyesight. (SInv)
Armour fits poorly on your strangely shaped body.
Your system is resistant to poisons. (rPois)
You cover ground very slowly.
You can spit poison.
You can use your snake-like lower body to constrict enemies.
You are agile. (Dex +2)
Your body sometimes deteriorates upon taking damage.
You are robust. (+10% HP)


Message History

Eridyerr howls, "Face thy requiem, thou goatish full-gorged bugbear!"
The hellephant blinks!
As you read the scroll of teleportation, it crumbles to dust.
You feel strangely unstable.
You feel the Orb delaying your translocation!
The hellephant breathes flames at you. The blast of flame misses you.
The hellephant blinks!
Unknown command.
The lich casts a spell at you. The bolt of lightning hits you!!!
* * * LOW HITPOINT WARNING * * *
The bolt of lightning misses you.
Unknown command.
Your surroundings suddenly seem different.
You feel like a meek peon again.
You open the gate.
There is an open gate here.
There is a staircase leading out of the dungeon here.
You have escaped!

#................#
#................#
#................####
#...................#
##...................#
#........##'''##.....########
#####........#.....#.............
.............#.....#.....######..
....#........#..@..#.....# #..
#...#........#.....#.###.######..
...#######..)##'''##............)
.....................#####.......
####......######.#.#####...####..
####..######..........#.## #..
#.............######..# ###
#....########..## ##.#
#....###### ##..### #.##


There were no monsters in sight!

Vanquished Creatures
  2 pandemonium lords
  4 ancient liches
  4 orbs of fire
  Mara (Elf:3)
  3 juggernauts
  9 Killer Klowns
  Margery (Depths:4)
  3 curse toes
  Saint Roka (Depths:4)
  4 golden dragons
  Nikola (Vaults:1)
  3 bone dragons
  5 liches
  A Tzitzimitl (Depths:1)
  A Brimstone Fiend (D:12)
  2 Hell Sentinels
  11 tentacled monstrosities
  7 titans
  Asterion (Snake:1)
  34 Orb Guardians
  5 quicksilver dragons
  A deep elf master archer (Elf:3)
  2 deep elf blademasters (Elf:3)
  4 Executioners
  2 tentacled starspawn
  4 death cobs
  Polyphemus (Shoals:3)
  Donald (Orc:2)
  4 sphinxes
  10 tengu reavers
  Gastronok (Lair:1)
  13 storm dragons
  Agnes (Snake:2)
  11 shadow dragons
  Roxanne (Elf:3)
  A blood saint (D:13)
  2 draconian monks
  A daeva (Zig:7)
  Ilsuiw (Shoals:3)
  9 nagarajas (Snake:4)
  10 deep elf sorcerers
  3 ghost moths
  A draconian knight (Zot:2)
  10 fire giants
  Aizul (Snake:3)
  An iron dragon (Depths:4)
  8 frost giants
  An orc warlord (Orc:2)
  18 vault wardens
  3 balrugs
  A draconian scorcher (Zot:2)
  An emperor scorpion (Zig:8)
  4 deep elf elementalists
  17 ironheart preservers
  A reaper (Zig:10)
  16 very ugly things
  4 war gargoyles
  3 angels (Zig:7)
  A spriggan defender (Depths:4)
  A draconian annihilator (Zot:2)
  7 entropy weavers
  2 ophanim (Zig:7)
  2 bennus (Zig:1)
  2 green draconians
  An apis (Zig:7)
  9 deep elf demonologists
  20 stone giants
  A lorocyproca (Zot:5)
  4 black draconians
  2 vampire knights
  6 white draconians
  13 spark wasps
  A minotaur (Gauntlet)
  9 yellow draconians
  2 purple draconians (Zot:4)
  2 dire elephants
  7 deep elf annihilators
  6 red draconians
  7 merfolk javelineers
  10 ettins
  2 crystal guardians (Vaults:5)
  5 blizzard demons
  3 jiangshi (Depths:4)
  A green death (D:13)
  14 merfolk impalers
  7 deep elf death magi
  Snorg (D:10)
  12 fire dragons
  4 deep elf high priests
  15 ice dragons
  A quicksilver dragon zombie (Vaults:5)
  16 naga warriors
  2 hell beasts
  8 great orbs of eyes
  A monstrous demonspawn (Depths:3)
  29 vault guards
  4 rakshasas
  24 yaktaur captains
  5 hydras
  3 catoblepae
  2 spriggan air magi (Depths:2)
  Erica (Lair:2)
  3 merfolk avatars
  2 alligator snapping turtles (Shoals:4)
  19 ogre magi
  13 dancing weapons
  2 satyrs
  21 anacondas
  17 deep troll shamans
  A death knight (D:14)
  A satyr (shapeshifter) (Vaults:5)
  4 merfolk aquamancers
  54 two-headed ogres
  14 deep troll earth magi
  16 centaur warriors
  4 hell hogs (Abyss:3)
  Urug (D:11)
  3 vampire magi
  5 spriggan berserkers
  6 tengu warriors
  3 thrashing horrors (Abyss:3)
  17 death yaks
  An orc high priest (Orc:1)
  13 naga sharpshooters
  A storm dragon zombie (Vaults:5)
  12 shock serpents
  A soul eater (D:1)
  A sun demon (D:7)
  6 hell knights
  7 large abominations
  25 deep elf knights
  5 skeletal warriors (D:11)
  9 iron trolls
  A titan skeleton (Vaults:4)
  A shadow wraith (Vaults:3)
  11 sea snakes
  6 salamander mystics
  A sixfirhy (Zot:5)
  43 deep trolls
  2 shadow demons
  2 torturous demonspawn
  5 flayed ghosts
  4 unseen horrors
  6 wizards
  5 naga ritualists
  2 cherubim (Zig:7)
  15 deep elf archers
  Pikel (D:9)
  3 phantasmal warriors
  A gelid demonspawn (D:13)
  4 lindwurms (Snake:4)
  20 ironbrand convokers
  16 orc knights
  A harpy (shapeshifter) (Vaults:4)
  2 oklob plants (Lair:4)
  4 orb spiders
  81 deep elf magi
  9 harpies
  49 ugly things
  14 mana vipers
  13 fauns
  6 orc sorcerers
  7 necromancers
  A faun (shapeshifter) (Vaults:3)
  An orb spider (shapeshifter) (Depths:2)
  5 wolf spiders
  17 salamanders
  9 cyclopes
  2 tengu skeletons
  19 moths of wrath
  A water nymph (shapeshifter) (Vaults:2)
  A manticore (shapeshifter) (Vaults:5)
  A fire giant skeleton (Vaults:3)
  2 rust devils
  10 merfolk sirens
  14 manticores
  5 elephants
  An ice statue (IceCv)
  A guardian serpent (shapeshifter) (Depths:2)
  7 water nymphs
  6 guardian serpents (Snake:4)
  2 apocalypse crabs (Zig:5)
  An elephant (shapeshifter) (Depths:2)
  A torpor snail (Zig:8)
  2 stone giant skeletons
  An eye of devastation (shapeshifter) (Vaults:3)
  24 cane toads
  38 black mambas
  A titan simulacrum (Vaults:3)
  28 naga magi
  18 vault sentinels
  A smoke demon (Depths:5)
  2 gargoyles
  A centaur skeleton (D:14)
  An orange demon (Zot:4)
  An efreet (D:13)
  A yaktaur zombie (Vaults:5)
  4 small abominations
  11 komodo dragons
  2 rime drakes
  9 freezing wraiths
  A komodo dragon (shapeshifter) (D:14)
  5 ice devils (IceCv)
  70 yaktaurs
  7 demonic crawlers
  2 human skeletons
  2 anaconda simulacra (IceCv)
  2 guardian mummies (Zig:3)
  A hellwing (Depths:3)
  4 tengu conjurers
  2 tormentors
  A merfolk (shapeshifter) (Depths:3)
  An ancient zyme (Abyss:3)
  24 merfolk
  A queen bee (Gauntlet)
  A jumping spider (Zig:8)
  4 tyrant leeches (Lair:6)
  A yaktaur skeleton (Zig:3)
  8 trolls
  A golden dragon simulacrum (IceCv)
  2 wind drakes (shapeshifter)
  A troll (shapeshifter) (Vaults:5)
  A tengu simulacrum (Vaults:5)
  3 red devils (D:7)
  3 meliai (D:13)
  A polar bear (Lair:6)
  21 blink frogs
  5 wind drakes
  6 hornets
  2 raiju (shapeshifter)
  11 dream sheep
  11 snapping turtles
  34 slime creatures
  13 hippogriffs
  A stone giant simulacrum (Depths:2)
  2 wolf spider simulacra (IceCv)
  3 air elementals
  An ettin zombie (Vaults:5)
  A ynoxinul (Abyss:3)
  2 spriggan skeletons (Depths:2)
  A flying skull (Zig:3)
  15 water elementals
  A spriggan (Depths:3)
  A wraith (D:13)
  3 wyverns
  10 redbacks
  3 shadows
  44 yaks
  4 tarantellas
  5 dire elephant simulacra (IceCv)
  A fire bat (shapeshifter) (Vaults:3)
  Eustachio (D:4)
  4 basilisks
  5 fire elementals
  4 fire bats (D:8)
  2 death yak simulacra (IceCv)
  6 vampire mosquitoes (Lair:6)
  10 wargs
  2 human simulacra (Vaults:4)
  Grum (D:9)
  2 acid dragons
  5 harpy simulacra (IceCv)
  55 nagas
  Menkaure (D:4)
  11 water moccasins
  A floating eye (Depths:4)
  9 porcupines
  4 hell hounds
  A hydra simulacrum (IceCv)
  4 black bears
  4 ice beasts
  3 sky beasts
  47 orc warriors
  3 phantoms
  2 black bears (shapeshifter)
  A human zombie (Vaults:3)
  An elf zombie (Vaults:3)
  An ettin simulacrum (IceCv)
  An eye of draining (D:13)
  4 boggarts
  28 ogres
  A lemure (D:9)
  14 wolves
  36 centaurs
  12 crocodiles
  A crocodile (shapeshifter) (Vaults:5)
  3 big kobolds
  23 bullfrogs
  An earth elemental (Elf:3)
  A glowing shapeshifter simulacrum (Vaults:3)
  A hornet simulacrum (D:15)
  6 jellies
  7 killer bees
  3 scorpions
  An elephant simulacrum (IceCv)
  A swamp dragon simulacrum (IceCv)
  3 electric eels
  2 wights
  An elf simulacrum (Vaults:3)
  8 howler monkeys
  2 crimson imps
  2 lava snakes (D:8)
  2 draconian simulacra (IceCv)
  2 centaur zombies
  2 bullfrog skeletons
  2 quasits (Depths:3)
  3 hounds
  14 orc priests
  14 orc wizards
  Crazy Yiuf (D:5)
  3 iron imps (Depths:3)
  Ijyb (D:3)
  Terence (D:2)
  4 iguanas
  A polar bear simulacrum (IceCv)
  A spriggan simulacrum (IceCv)
  6 troll simulacra (IceCv)
  12 worker ants
  A killer bee zombie (D:5)
  2 centaur simulacra
  A hound zombie (D:9)
  A hound skeleton (D:6)
  4 mummies
  2 worker ant zombies
  2 howler monkey skeletons
  8 adders
  4 naga simulacra (IceCv)
  An ogre simulacrum (IceCv)
  8 shadow imps
  7 white imps
  7 ufetubi
  An ooze (shapeshifter) (Vaults:5)
  An adder zombie (D:7)
  A worm (D:2)
  5 leopard geckos
  96 orcs
  12 bats
  A bat zombie (D:7)
  A giant cockroach (D:1)
  7 goblins
  6 hobgoblins
  9 jackals
  12 kobolds
  6 quokkas
  A ball python (D:1)
  A ball python zombie (D:5)
  8 frilled lizards
  A jackal skeleton (D:4)
  2 leopard gecko skeletons
  A leopard gecko zombie (D:7)
  7 rats
  3 rat zombies (D:7)
  3 crawling corpses (Vaults:5)
  A fire vortex (D:8)
  A lurking horror (Abyss:3)
  3 starspawn tentacles
2434 creatures vanquished.

Vanquished Creatures (collateral kills)
  A naga warrior (Snake:4)
  A black mamba (Snake:4)
2 creatures vanquished.

Vanquished Creatures (others)
  2 draconian stormcallers (Zot:4)
  A white draconian (Zot:4)
  A rakshasa (Vaults:1)
  A vault guard (Vaults:1)
  A merfolk aquamancer (Shoals:1)
  An unseen horror (D:13)
  An ironbrand convoker (Vaults:1)
  A deep elf mage (Elf:1)
  An ugly thing (D:15)
  A yaktaur (Vaults:1)
  An ogre (Vaults:2)
  An orc wizard (Vaults:2)
  2 ufetubi (IceCv)
  An orc (Vaults:1)
  2 kobolds (D:14)
  A bush (Lair:5)
  2 fire vortices (D:8)
  27 fungi
  112 plants
  7 starspawn tentacles
  2 withered plants (Gauntlet)
169 creatures vanquished.

Grand Total: 2605 creatures vanquished

Notes
Turn   | Place    | Note
-------+----------+-------------------------------------------
     0 | D:1      | emiel the Naga Fighter began the quest for the Orb.
     0 | D:1      | Reached XP level 1. HP: 21/21 MP: 1/1
    80 | D:1      | Reached XP level 2. HP: 23/28 MP: 2/2
   420 | D:2      | Found a hide-covered altar of Uskayaw.
   426 | D:2      | Reached XP level 3. HP: 25/34 MP: 3/3
   583 | D:2      | Noticed Terence
   600 | D:2      | Killed Terence
   600 | D:2      | Reached XP level 4. HP: 31/42 MP: 4/4
   794 | D:2      | Found a broken altar of Ashenzari.
   924 | D:3      | Found an opulent altar of Gozag.
   975 | D:3      | Found a radiant altar of Vehumet.
  1149 | D:3      | Reached XP level 5. HP: 42/49 MP: 5/5
  1265 | D:3      | Noticed Ijyb
  1293 | D:3      | Killed Ijyb
  1307 | D:3      | Found a bloodstained altar of Trog.
  1406 | D:4      | Found a blossoming altar of Fedhas.
  1455 | D:4      | Found a stormy altar of Qazlal.
  1487 | D:4      | Reached XP level 6. HP: 31/57 MP: 6/6
  1514 | D:4      | Noticed Eustachio
  1537 | D:4      | HP: 1/57 [Eustachio/+1 rapier of speed (5)]
  1539 | D:4      | Reached skill level 4 in Fighting
  1559 | D:4      | Killed Eustachio
  1624 | D:4      | Found a staircase to the Ecumenical Temple.
  1631 | Temple   | Entered the Ecumenical Temple
  1674 | Temple   | Became a worshipper of Warmaster Okawaru
  1742 | D:4      | Reached XP level 7. HP: 46/64 MP: 7/7
  1917 | D:4      | Noticed Edmund
  1921 | D:4      | Noticed Edmund
  1921 | D:4      | Edmund changed into Edmund the crocodile
  1930 | D:4      | Killed Edmund the crocodile
  1930 | D:4      | Reached skill level 5 in Axes
  2089 | D:4      | Noticed Menkaure
  2094 | D:4      | Killed Menkaure
  2280 | D:5      | Entered Level 5 of the Dungeon
  2459 | D:5      | Reached * piety under Okawaru
  2490 | D:5      | Found a basalt altar of Yredelemnul.
  2497 | D:5      | Reached XP level 8. HP: 67/73 MP: 8/8
  2534 | D:5      | Reached skill level 1 in Invocations
  2534 | D:5      | Reached skill level 1 in Evocations
  2630 | D:5      | Noticed a hippogriff
  2638 | D:5      | Killed a hippogriff
  2638 | D:5      | Reached skill level 5 in Fighting
  2714 | D:5      | Found a sparkling altar of Nemelex Xobeh.
  2766 | D:5      | Found a runed translucent door.
  2767 | D:5      | Noticed Crazy Yiuf
  2929 | D:5      | Killed Crazy Yiuf
  3272 | D:6      | Reached ** piety under Okawaru
  3436 | D:6      | Found a sacrificial altar of Ru.
  3485 | D:6      | Found a white marble altar of Elyvilon.
  3485 | D:6      | Found a snail-covered altar of Cheibriados.
  3696 | D:6      | Reached XP level 9. HP: 81/81 MP: 11/11
  4281 | D:7      | Found an opulent altar of Gozag.
  4336 | D:7      | Found an ancient bone altar of Kikubaaqudgha.
  4526 | D:7      | Found an ornate altar of the Wu Jian Council.
  4808 | D:8      | Noticed a two-headed ogre
  4814 | D:8      | Killed a two-headed ogre
  4814 | D:8      | Reached *** piety under Okawaru
  4814 | D:8      | Reached skill level 6 in Fighting
  4814 | D:8      | Reached skill level 5 in Armour
  4814 | D:8      | Reached skill level 5 in Shields
  5134 | D:8      | Received a gift from Okawaru
  5150 | D:8      | Reached XP level 10. HP: 90/92 MP: 9/12
  5203 | D:8      | Reached skill level 7 in Fighting
  5203 | D:8      | Reached skill level 10 in Axes
  5203 | D:8      | Reached XP level 11. HP: 103/103 MP: 13/13
  5383 | D:9      | Found a staircase to the Orcish Mines.
  5824 | D:9      | Noticed Grum
  5837 | D:9      | Killed Grum
  6198 | D:9      | Noticed Pikel
  6213 | D:9      | Killed Pikel
  6213 | D:9      | Reached skill level 8 in Fighting
  6276 | D:9      | Got an iridescent war axe
  6277 | D:9      | Identified the +9 war axe of Skirmishing {flame, +Fly} (You
                  | found it on level 9 of the Dungeon)
  6308 | D:9      | Found a glowing golden altar of the Shining One.
  6560 | D:10     | Entered Level 10 of the Dungeon
  6582 | D:10     | Reached **** piety under Okawaru
  6814 | D:10     | Noticed a two-headed ogre
  6822 | D:10     | Killed a two-headed ogre
  6837 | D:10     | Noticed Snorg
  6845 | D:10     | HP: 1/104 [Snorg (16)]
  6847 | D:10     | Killed Snorg
  6847 | D:10     | Reached ***** piety under Okawaru
  7255 | D:10     | Reached XP level 12. HP: 100/112 MP: 14/14
  7291 | D:10     | Found a staircase to the Lair.
  7501 | Lair:1   | Entered Level 1 of the Lair of Beasts
  7585 | Lair:1   | Noticed a catoblepas
  7593 | Lair:1   | Killed a catoblepas
  7630 | Lair:1   | You fall into a shaft and drop 1 floor!
  7657 | Lair:1   | Noticed a five-headed hydra
  7665 | Lair:1   | Killed a one-headed hydra
  7736 | Lair:1   | Reached skill level 9 in Fighting
  8496 | Lair:1   | Noticed Gastronok
  8503 | Lair:1   | Killed Gastronok
  8542 | Lair:1   | Received a gift from Okawaru
  8918 | Lair:2   | Found a staircase to the Shoals.
  9113 | Lair:2   | Noticed Erica
  9148 | Lair:2   | Killed Erica
  9152 | Lair:2   | Gained mutation: You can use your snake-like lower body to
                  | constrict enemies. [Naga growth]
  9152 | Lair:2   | Reached XP level 13. HP: 74/121 MP: 15/15
  9276 | Lair:2   | Found a staircase to the Snake Pit.
 11123 | Lair:4   | Received a gift from Okawaru
 11363 | Lair:4   | Received a gift from Okawaru
 11363 | Lair:4   | Reached skill level 10 in Fighting
 11907 | Lair:5   | Noticed an ice dragon
 11918 | Lair:5   | Killed an ice dragon
 12059 | Lair:5   | Got a pitted scale mail
 12070 | Lair:5   | Identified the +3 scale mail of Muttered Phrases {rPois}
                  | (You found it on level 5 of the Lair of Beasts)
 12474 | Lair:6   | Entered Level 6 of the Lair of Beasts
 12489 | Lair:6   | Found a gate leading to a gauntlet.
 12498 | Gauntlet | Entered a Gauntlet
 12498 | Gauntlet | Found a transporter.
 12498 | Gauntlet | Found a transporter.
 12502 | Gauntlet | Found a transporter.
 12502 | Gauntlet | Found a transporter.
 12528 | Gauntlet | Found a transporter.
 12536 | Gauntlet | Found a transporter.
 12536 | Gauntlet | Found a transporter.
 12539 | Gauntlet | Noticed a dire elephant
 12543 | Gauntlet | Noticed a dire elephant
 12560 | Gauntlet | Found a transporter.
 12567 | Gauntlet | Found a transporter.
 12579 | Gauntlet | Found a transporter.
 12622 | Gauntlet | Found a transporter.
 12632 | Gauntlet | Found a transporter.
 12646 | Gauntlet | Found a transporter.
 12731 | Gauntlet | Found a transporter.
 12746 | Gauntlet | Found a transporter.
 12764 | Gauntlet | Found a transporter.
 12923 | Gauntlet | Got a pitted granite ring
 12924 | Gauntlet | Identified the ring "Midut" {Wiz MR+ Int+6} (You found it
                  | in a Gauntlet)
 13034 | Gauntlet | Killed a dire elephant
 13044 | Gauntlet | Got a vibrating brass ring
 13051 | Gauntlet | Identified the ring "Mifroj" {+Blink MR+ Str+3} (You found
                  | it in a Gauntlet)
 13085 | Gauntlet | Identified the ring "Kidule" {rN+ Str+2}
 13085 | Gauntlet | Noticed a minotaur
 13098 | Gauntlet | Killed a minotaur
 13098 | Gauntlet | Received a gift from Okawaru
 13099 | Gauntlet | Got a glimmering barding {god gift}
 13105 | Gauntlet | Identified the +0 barding "Hotu" {rF- rN+++ Regen+ Dex+4}
                  | (Okawaru gifted it to you in a Gauntlet)
 13125 | Gauntlet | Identified Baeshrouj's Catalogue of the Ensnaring Compass
 13132 | Gauntlet | Got a jewelled tower shield
 13143 | Gauntlet | Identified the +1 tower shield of Zakluz {+Blink MR+ Regen+
                  | Str-2} (You found it in a Gauntlet)
 13173 | Lair:6   | Reached XP level 14. HP: 105/132 MP: 13/16
 13542 | Lair:6   | Reached skill level 15 in Axes
 13544 | Lair:6   | Reached ****** piety under Okawaru
 13632 | Lair:6   | Received a gift from Okawaru
 13717 | Lair:6   | Reached skill level 10 in Armour
 13719 | Lair:6   | Reached skill level 10 in Shields
 13852 | Lair:6   | Found a staircase to the Slime Pits.
 14368 | Orc:1    | Entered Level 1 of the Orcish Mines
 14449 | Orc:1    | Reached XP level 15. HP: 105/138 MP: 17/17
 14781 | Orc:1    | Reached skill level 1 in Dodging
 14872 | Orc:2    | Entered Level 2 of the Orcish Mines
 14889 | Orc:2    | Noticed an orc warlord
 14907 | Orc:2    | Killed an orc warlord
 15075 | Orc:2    | Found Jyukh's Assorted Antiques.
 15161 | Orc:2    | Found Wiesaw's Jewellery Shoppe.
 15204 | Orc:2    | Found a staircase to the Elven Halls.
 15208 | Orc:2    | Bought a pair of glowing gloves for 195 gold pieces
 15219 | Orc:2    | Noticed Donald
 15239 | Orc:2    | Killed Donald
 15400 | Orc:2    | Received a gift from Okawaru
 15435 | Orc:2    | Found Wutzyn's Gadget Shoppe.
 15435 | Orc:2    | Found Malecaod's Gadget Boutique.
 15435 | Orc:2    | Found Ufioc's Weapon Shop.
 15438 | Orc:2    | Found Potsith's Book Emporium.
 15443 | Orc:2    | Bought a condenser vane (2/2) for 300 gold pieces
 15699 | Elf:1    | Entered Level 1 of the Elven Halls
 16727 | Elf:2    | Received a gift from Okawaru
 16808 | Elf:2    | Reached XP level 16. HP: 105/148 MP: 18/18
 16871 | Elf:2    | Found Niusa's Distillery.
 16934 | Elf:2    | Bought 2 potions of heal wounds for 130 gold pieces
 16934 | Elf:2    | Bought a potion of mutation for 104 gold pieces
 17228 | Elf:2    | Received a gift from Okawaru
 17592 | Elf:2    | Reached skill level 11 in Fighting
 17766 | Elf:2    | Received a gift from Okawaru
 17792 | Elf:2    | Found a runed translucent gate.
 17792 | Elf:2    | Found a runed translucent gate.
 17792 | Elf:2    | Found a runed translucent gate.
 17847 | Elf:3    | Entered Level 3 of the Elven Halls
 17858 | Elf:3    | Noticed Mara
 17868 | Elf:3    | Noticed emiel's illusion
 17877 | Elf:3    | Killed Mara
 17949 | Elf:3    | Received a gift from Okawaru
 18259 | Elf:3    | Received a gift from Okawaru
 18261 | Elf:3    | Noticed a deep elf blademaster
 18457 | Elf:3    | Noticed a deep elf blademaster
 18473 | Elf:3    | Reached skill level 10 in Evocations
 18486 | Elf:3    | Killed a deep elf blademaster
 18488 | Elf:3    | Identified the +6 flail "Coig" {venom, rElec rF- MR++}
 18488 | Elf:3    | Identified the amulet of Muni {Acrobat rF- SInv Stlth+}
 18489 | Elf:3    | Noticed an Ice Fiend
 18494 | Elf:3    | Identified the +5 dagger "Liocausiq" {vorpal, +Fly rC+
                  | Dex+4}
 18499 | Elf:3    | Reached XP level 17. HP: 115/157 MP: 19/19
 18509 | Elf:3    | Received a gift from Okawaru
 18509 | Elf:3    | Reached skill level 5 in Dodging
 18522 | Elf:3    | Identified the +6 long sword of World Downfall {vorpal,
                  | rPois rC+ Str+2 Dex+2}
 18554 | Elf:3    | Identified the +4 great mace "Atrev" {freeze, rC+}
 18554 | Elf:3    | Identified the ring of Syndicalism {+Fly rF- MR++ MP+9
                  | Stlth-}
 18561 | Elf:3    | Noticed a Hell Sentinel
 18632 | Elf:3    | Killed a deep elf blademaster
 18632 | Elf:3    | Received a gift from Okawaru
 18684 | Elf:3    | Noticed an Executioner
 18751 | Elf:3    | Noticed an Executioner
 18756 | Elf:3    | Noticed a Hell Sentinel
 19184 | Elf:3    | Found a shimmering blue altar of Sif Muna.
 19214 | Elf:3    | Found Wenoklom's Magic Scroll Shoppe.
 19222 | Elf:3    | Bought a scroll of teleportation for 48 gold pieces
 19222 | Elf:3    | Bought a scroll of enchant weapon for 120 gold pieces
 19222 | Elf:3    | Bought a scroll of teleportation for 48 gold pieces
 19303 | Elf:3    | Noticed Roxanne
 19335 | Elf:3    | Killed Roxanne
 19500 | Elf:3    | Noticed a deep elf master archer
 19521 | Elf:3    | Killed a deep elf master archer
 20010 | Snake:1  | Entered Level 1 of the Snake Pit
 20100 | Snake:1  | Found a broken altar of Ashenzari.
 20132 | Snake:1  | Reached skill level 12 in Fighting
 20425 | Snake:1  | Noticed Asterion
 20440 | Snake:1  | Killed Asterion
 20440 | Snake:1  | Received a gift from Okawaru
 20547 | Snake:1  | Found Lour's Jewellery Emporium.
 20558 | Snake:1  | Found Idduil's Gadget Shop.
 20559 | Snake:1  | Found Sexzear's Jewellery Emporium.
 20567 | Snake:1  | Bought an uncursed ring of protection from cold for 300
                  | gold pieces
 21108 | Snake:2  | Noticed Agnes
 21114 | Snake:2  | Killed Agnes
 21114 | Snake:2  | Received a gift from Okawaru
 21178 | Snake:2  | Reached XP level 18. HP: 169/169 MP: 20/20
 21516 | Snake:3  | Noticed Aizul
 21533 | Snake:3  | Killed Aizul
 21652 | Snake:3  | Found a transporter.
 21705 | Snake:3  | Found a transporter.
 22258 | Snake:4  | Entered Level 4 of the Snake Pit
 22265 | Snake:4  | Received a gift from Okawaru
 22274 | Snake:4  | Got a distressingly furry chain mail {god gift}
 22285 | Snake:4  | Identified the +0 chain mail of Sloth {rN+} (Okawaru gifted
                  | it to you on level 4 of the Snake Pit)
 22422 | Snake:4  | Found a flickering gateway to a bazaar.
 22438 | Bazaar   | Entered a bazaar
 22489 | Bazaar   | Found Veeram's Gadget Emporium.
 22542 | Bazaar   | Found Nevu's Magic Scroll Boutique.
 22597 | Bazaar   | Found Bakibra's Jewellery Emporium.
 22647 | Bazaar   | Found Mantehau's Gadget Emporium.
 22953 | Bazaar   | Bought a scroll of blinking for 82 gold pieces
 22953 | Bazaar   | Bought a scroll of teleportation for 33 gold pieces
 22953 | Bazaar   | Bought a scroll of acquirement for 572 gold pieces
 22953 | Bazaar   | Bought a scroll of teleportation for 33 gold pieces
 22953 | Bazaar   | Bought a scroll of teleportation for 33 gold pieces
 22953 | Bazaar   | Acquired 545 gold pieces
 23018 | Snake:4  | Reached skill level 13 in Fighting
 23257 | Snake:4  | Received a gift from Okawaru
 23475 | Snake:4  | Reached XP level 19. HP: 178/178 MP: 21/21
 23764 | Snake:4  | Received a gift from Okawaru
 23844 | Snake:4  | Received a gift from Okawaru
 23880 | Snake:4  | Got a pair of encrusted gloves {god gift}
 23891 | Snake:4  | Identified the +0 pair of gloves of Sopuum {rPois MP+9
                  | Str+3 Int+2} (Okawaru gifted it to you on level 4 of the
                  | Snake Pit)
 23975 | Snake:4  | Got a serpentine rune of Zot
 24203 | Shoals:1 | Entered Level 1 of the Shoals
 25031 | Shoals:2 | Received a gift from Okawaru
 25059 | Shoals:2 | Cast into level 3 of the Abyss (merfolk impaler)
 25059 | Abyss:3  | Found a corrupted altar of Lugonu.
 25072 | Abyss:3  | Found a corrupted altar of Lugonu.
 25193 | Abyss:3  | Found a corrupted altar of Lugonu.
 25252 | Abyss:3  | Noticed a bone dragon
 25277 | Abyss:3  | Killed a bone dragon
 25277 | Abyss:3  | Reached skill level 14 in Fighting
 25294 | Shoals:2 | Escaped the Abyss
 25298 | Shoals:2 | Reached XP level 20. HP: 50/190 MP: 19/22
 25300 | Shoals:2 | Received a gift from Okawaru
 26042 | Shoals:3 | Noticed Polyphemus
 26078 | Shoals:3 | Killed Polyphemus
 26195 | Shoals:3 | Noticed Ilsuiw
 26209 | Shoals:3 | Killed Ilsuiw
 26541 | Shoals:4 | Entered Level 4 of the Shoals
 26613 | Shoals:4 | Found a frozen archway.
 26640 | IceCv    | Entered an ice cave
 27097 | IceCv    | Identified the +1 hat of the Scribe {MR++ Dex+5 Stlth-}
                  | (You found it in an ice cave)
 27346 | Shoals:4 | Received a gift from Okawaru
 27349 | Shoals:4 | Reached skill level 5 in Invocations
 27753 | Shoals:4 | Got a barnacled rune of Zot
 27796 | Shoals:4 | Received a gift from Okawaru
 27819 | Shoals:4 | Got an encrusted barding {god gift}
 27830 | Shoals:4 | Identified the +0 barding of the Garden {+Fly rN+ Regen+
                  | Int+2} (Okawaru gifted it to you on level 4 of the Shoals)
 28333 | Orc:2    | Bought a scroll of enchant armour for 195 gold pieces
 28333 | Orc:2    | Bought a scroll of teleportation for 78 gold pieces
 28417 | D:11     | Got a brightly glowing jade amulet
 28647 | D:11     | Noticed Urug
 28659 | D:11     | Killed Urug
 29571 | D:12     | Reached XP level 21. HP: 200/200 MP: 25/25
 29819 | D:13     | Identified the amulet "Buuczime" {Acrobat Fragile Int+8}
                  | (You found it on level 11 of the Dungeon)
 29832 | D:13     | Reached skill level 10 in Dodging
 30080 | D:13     | Found a gate to the Vaults.
 30667 | D:14     | Received a gift from Okawaru
 30760 | D:14     | Reached skill level 15 in Fighting
 31369 | Vaults:1 | Entered Level 1 of the Vaults
 31377 | Vaults:1 | Noticed Nikola
 31387 | Vaults:1 | Killed Nikola
 31392 | Vaults:1 | Received a gift from Okawaru
 31463 | Vaults:1 | Acquired a manual of Armour
 31620 | Vaults:1 | Found a stormy altar of Qazlal.
 31872 | Vaults:1 | Acquired a manual of Dodging
 32125 | Vaults:1 | Found Atwuich's Antique Armour Emporium.
 32435 | Vaults:2 | Received a gift from Okawaru
 32751 | Vaults:2 | Found a huge runed gate.
 32751 | Vaults:2 | Found a huge runed gate.
 32751 | Vaults:2 | Found a huge runed gate.
 32751 | Vaults:2 | Found a huge runed gate.
 32752 | Vaults:2 | Found a huge runed gate.
 32752 | Vaults:2 | Found a huge runed gate.
 32752 | Vaults:2 | Found a huge runed gate.
 32752 | Vaults:2 | Found a huge runed gate.
 32753 | Vaults:2 | Found a huge runed gate.
 32755 | Vaults:2 | Found a huge runed gate.
 32755 | Vaults:2 | Found a huge runed gate.
 32755 | Vaults:2 | Found a huge runed gate.
 32755 | Vaults:2 | Found a huge runed gate.
 32755 | Vaults:2 | Found a huge runed gate.
 32755 | Vaults:2 | Found a huge runed gate.
 32755 | Vaults:2 | Found a huge runed gate.
 32756 | Vaults:2 | Found a huge runed gate.
 32760 | Vaults:2 | Found a huge runed gate.
 32784 | Vaults:2 | Found a huge runed gate.
 32784 | Vaults:2 | Found a huge runed gate.
 32784 | Vaults:2 | Found a huge runed gate.
 32784 | Vaults:2 | Found a huge runed gate.
 32784 | Vaults:2 | Found a huge runed gate.
 32784 | Vaults:2 | Found a huge runed gate.
 32784 | Vaults:2 | Found a huge runed gate.
 33025 | Vaults:2 | Reached XP level 22. HP: 196/211 MP: 26/26
 33035 | Vaults:2 | Received a gift from Okawaru
 33516 | Vaults:3 | Reached skill level 15 in Armour
 33700 | Vaults:3 | Reached skill level 15 in Evocations
 33742 | Vaults:2 | Identified the +11 crystal plate armour of Focus {Dex+4}
                  | (Okawaru gifted it to you on level 2 of the Vaults)
 33828 | Vaults:3 | Reached skill level 16 in Fighting
 33892 | Vaults:3 | Received a gift from Okawaru
 34304 | Vaults:3 | Received a gift from Okawaru
 34589 | Vaults:3 | Found a staircase to the Crypt.
 34595 | Vaults:3 | Acquired the ring "Qofar" {rF+ rN+ MR+ Str-4}
 34830 | Vaults:3 | Reached skill level 15 in Shields
 34830 | Vaults:3 | Reached XP level 23. HP: 217/222 MP: 27/27
 35011 | Vaults:4 | Received a gift from Okawaru
 35584 | Vaults:4 | Found Boggek's Antique Weapon Boutique.
 35930 | Vaults:4 | Acquired a manual of Armour
 36335 | Vaults:5 | Entered Level 5 of the Vaults
 36345 | Vaults:4 | Received a gift from Okawaru
 36381 | Vaults:4 | Reached skill level 17 in Fighting
 36503 | Vaults:5 | Noticed a golden dragon
 36514 | Vaults:5 | Reached XP level 24. HP: 216/234 MP: 27/27
 36515 | Vaults:5 | Received a gift from Okawaru
 36587 | Vaults:5 | Received a gift from Okawaru
 36741 | Vaults:5 | Received a gift from Okawaru
 36890 | Vaults:5 | Reached skill level 15 in Dodging
 36951 | Vaults:5 | Noticed an ancient lich
 36957 | Vaults:5 | Received a gift from Okawaru
 36959 | Vaults:5 | Killed an ancient lich
 36962 | Vaults:5 | Reached skill level 18 in Fighting
 37032 | Vaults:5 | Identified the +6 mace of Ru's Approval {drain, rN+}
 37033 | Vaults:5 | Reached XP level 25. HP: 244/244 MP: 27/27
 37105 | Vaults:5 | Identified the +2 robe of the Harvest {rF++}
 37184 | Vaults:5 | Found the +9 staff of Wucad Mu {channel}
 37711 | Vaults:5 | Got a silver rune of Zot
 37922 | D:15     | Entered Level 15 of the Dungeon
 38106 | D:15     | Reached XP level 26. HP: 253/253 MP: 27/27
 38327 | D:15     | Found a staircase to the Depths.
 38652 | Depths:1 | Entered Level 1 of the Depths
 38689 | Depths:1 | Noticed a juggernaut
 38713 | Depths:1 | Killed a juggernaut
 38713 | Depths:1 | Received a gift from Okawaru
 39039 | Depths:1 | Found an ornate altar of the Wu Jian Council.
 39183 | Depths:1 | Found a one-way gate to the infinite horrors of the Abyss.
 39208 | Depths:1 | Found a gateway to Hell.
 39678 | Depths:2 | Found a one-way gate leading to the halls of Pandemonium.
 39695 | Depths:2 | Identified the cursed +0 great sword of Axyhecw {flame,
                  | rElec rC+ MR+ Dex-2}
 39697 | Depths:2 | Noticed a juggernaut
 39715 | Depths:2 | Received a gift from Okawaru
 39725 | Depths:2 | Killed a juggernaut
 39725 | Depths:2 | Reached skill level 19 in Fighting
 39918 | Depths:2 | Received a gift from Okawaru
 39939 | Depths:2 | Identified the +8 plate armour "Qulih" {Dex+4} (You found
                  | it on level 2 of the Depths)
 39940 | Depths:2 | Acquired 606 gold pieces
 39941 | Depths:2 | Acquired 634 gold pieces
 39942 | Depths:2 | Acquired a manual of Fighting
 40698 | Depths:3 | Reached XP level 27. HP: 266/266 MP: 27/27
 40771 | Depths:3 | Found a gateway to a ziggurat.
 40782 | Zig:1    | Entered Level 1 of a ziggurat
 40851 | Zig:2    | Entered Level 2 of a ziggurat
 40884 | Zig:3    | Entered Level 3 of a ziggurat
 40916 | Zig:4    | Entered Level 4 of a ziggurat
 40930 | Zig:4    | Gained mutation: You are dopey. (Int -2) [a neqoxec]
 40961 | Zig:5    | Entered Level 5 of a ziggurat
 41009 | Zig:6    | Entered Level 6 of a ziggurat
 41079 | Zig:6    | Identified the +4 helmet of Atheism {*Slow MR+ Dex+4
                  | Stlth+} (You found it on level 6 of a ziggurat)
 41082 | Zig:7    | Entered Level 7 of a ziggurat
 41106 | Zig:7    | Reached skill level 20 in Fighting
 41258 | Zig:8    | Entered Level 8 of a ziggurat
 41351 | Zig:9    | Entered Level 9 of a ziggurat
 41360 | Zig:9    | Found the +7 great mace "Firestarter" {inner flame, rF++}
 41377 | Zig:9    | Received a gift from Okawaru
 41435 | Zig:10   | Entered Level 10 of a ziggurat
 42745 | Depths:4 | Reached skill level 21 in Fighting
 42748 | Depths:4 | Noticed Margery
 42759 | Depths:4 | Killed Margery
 42762 | Depths:4 | Received a gift from Okawaru
 42763 | Depths:4 | Identified the +2 barding of the Evil One {Dex+4} (Okawaru
                  | gifted it to you on level 4 of the Depths)
 42809 | Depths:4 | Noticed Saint Roka
 42829 | Depths:4 | Killed Saint Roka
 43111 | Depths:4 | Noticed a juggernaut
 43137 | Depths:4 | Killed a juggernaut
 43212 | Depths:4 | Identified the +9 great sword of Ruwiurch {vorpal, Fragile
                  | +Blink rElec SInv}
 43321 | Depths:4 | Received a gift from Okawaru
 43322 | Depths:4 | Identified the +0 kite shield of Past Mistakes {*Slow rC+
                  | SInv Stlth+} (Okawaru gifted it to you on level 4 of the
                  | Depths)
 43756 | Depths:5 | Entered Level 5 of the Depths
 43905 | Depths:5 | Reached skill level 22 in Fighting
 43994 | Depths:5 | Found a gate to the Realm of Zot.
 44082 | Zot:1    | Entered Level 1 of the Realm of Zot
 44208 | Zot:2    | Received a gift from Okawaru
 44281 | Zot:2    | Identified the +0 broad axe "Tuanki" {venom, rF++ Str-2
                  | Dex+3} (Okawaru gifted it to you on level 2 of the Realm of
                  | Zot)
 44539 | Zot:4    | Noticed an orb of fire
 44557 | Zot:5    | Entered Level 5 of the Realm of Zot
 44898 | Zot:4    | Gained mutation: You have sharp fingernails. [an orb of
                  | fire]
 44911 | Zot:4    | Killed an orb of fire
 44925 | Zot:4    | Received a gift from Okawaru
 45458 | Zot:5    | Noticed an ancient lich
 45470 | Zot:5    | Noticed an ancient lich
 45473 | Zot:5    | Killed an ancient lich
 45474 | Zot:5    | Noticed an orb of fire
 45474 | Zot:5    | Noticed an orb of fire
 45475 | Zot:5    | Noticed an orb of fire
 45483 | Zot:5    | Gained mutation: You do not regenerate when monsters are
                  | visible. [an orb of fire]
 45484 | Zot:5    | Identified the +4 battleaxe of Freezing Fortitude {elec,
                  | rElec MR+ Int+2}
 45489 | Zot:5    | Gained mutation: Your magical capacity is low. (-10% MP)
                  | [an orb of fire]
 45502 | Zot:5    | Killed an ancient lich
 45502 | Zot:5    | Reached skill level 23 in Fighting
 45505 | Zot:5    | Noticed an ancient lich
 45507 | Zot:5    | Killed an orb of fire
 45513 | Zot:5    | Gained mutation: Your flesh is heat resistant. (rF+) [an
                  | orb of fire]
 45515 | Zot:5    | Gained mutation: You tend to lose your temper in combat.
                  | [an orb of fire]
 45516 | Zot:5    | Gained mutation: You often lose your temper in combat. [an
                  | orb of fire]
 45523 | Zot:5    | Killed an orb of fire
 45526 | Zot:5    | Received a gift from Okawaru
 45543 | Zot:5    | Gained mutation: You are weak. (Str -2) [an orb of fire]
 45547 | Zot:5    | Killed an orb of fire
 45563 | Zot:5    | Killed an ancient lich
 45824 | Zot:5    | Identified the +0 helmet of the Thistle {rF+ Dex+10}
                  | (Okawaru gifted it to you on level 5 of the Realm of Zot)
 45829 | Zot:5    | Lost mutation: You are dopey. (Int -2) [potion of mutation]
 45829 | Zot:5    | Lost mutation: Your magical capacity is low. (-10% MP)
                  | [potion of mutation]
 45829 | Zot:5    | Gained mutation: You have a pair of small horns on your
                  | head. [potion of mutation]
 45829 | Zot:5    | Gained mutation: You are somewhat resistant to further
                  | mutation. [potion of mutation]
 45830 | Zot:5    | Lost mutation: You often lose your temper in combat.
                  | [potion of mutation]
 45830 | Zot:5    | Lost mutation: You have a pair of small horns on your head.
                  | [potion of mutation]
 45830 | Zot:5    | Lost mutation: Your flesh is heat resistant. (rF+) [potion
                  | of mutation]
 45830 | Zot:5    | Lost mutation: You do not regenerate when monsters are
                  | visible. [potion of mutation]
 45831 | Zot:5    | Lost mutation: You tend to lose your temper in combat.
                  | [potion of mutation]
 45831 | Zot:5    | Lost mutation: You are somewhat resistant to further
                  | mutation. [potion of mutation]
 45831 | Zot:5    | Lost mutation: You have sharp fingernails. [potion of
                  | mutation]
 45831 | Zot:5    | Gained mutation: You tend to lose your temper in combat.
                  | [potion of mutation]
 45831 | Zot:5    | Gained mutation: Your tail ends in a poisonous barb.
                  | [potion of mutation]
 45831 | Zot:5    | Gained mutation: You are robust. (+10% HP) [potion of
                  | mutation]
 45832 | Zot:5    | Lost mutation: You are weak. (Str -2) [potion of mutation]
 45832 | Zot:5    | Lost mutation: Your tail ends in a poisonous barb. [potion
                  | of mutation]
 45832 | Zot:5    | Lost mutation: You tend to lose your temper in combat.
                  | [potion of mutation]
 45832 | Zot:5    | Gained mutation: Your body sometimes deteriorates upon
                  | taking damage. [potion of mutation]
 45832 | Zot:5    | Gained mutation: You are agile. (Dex +2) [potion of
                  | mutation]
 45911 | Zot:5    | Received a gift from Okawaru
 45945 | Zot:5    | Identified the +1 tower shield "Obeym" {MP-9 Dex+4}
                  | (Okawaru gifted it to you on level 5 of the Realm of Zot)
 45954 | Zot:5    | Got the Orb of Zot
 46182 | Zot:1    | Noticed Ydeud the pandemonium lord
 46207 | Zot:1    | Killed Ydeud the pandemonium lord
 46255 | Depths:5 | Noticed Weirag the pandemonium lord
 46282 | Depths:5 | Killed Weirag the pandemonium lord
 46580 | D:14     | Noticed a seraph
 46966 | D:3      | Noticed Midam the pandemonium lord
 46967 | D:3      | Paralysed by Midam for 3 turns
 47086 | D:1      | Noticed Eridyerr the pandemonium lord
 47106 | D:$      | Escaped with the Orb!

Illustrated notes

Levels and vault maps discovered:
D:1:      dpeg_arrival_windows_large_door, layout_rooms
D:2:      layout_basic, evilmike_ruin_ashenzari, eat_drink_and_be_merry_uskayaw,
          minmay_misc_feat_four_crosses, uniq_terence
D:3:      layout_loops_ring, lightli_temple_of_fire, vehumet_crystals,
          small_statue_intersection, corexii_leaking_fountain,
          grunt_gozag_statues, uniq_ijyb
D:4:      layout_loops_ring, nicolae_overflow_crystal_walls,
          kennysheep_little_box, minmay_temple_entry_gardened_gates,
          uniq_eustachio, uniq_edmund, uniq_menkaure
D:5:      layout_loops_corners, nemelex_xobeh_ov_fountains_minmay,
          yredelemnul_altar_generic, minivault_11, uniq_crazy_yiuf_cottage
D:6:      layout_loops_cross, nicolae_ru_the_path_less_chosen,
          gammafunk_temple_overflow_wave
D:7:      layout_gridville, marbit_many_paths, kennysheep_mini_moat,
          lemuel_zombie_altar_kikubaaqudgha, small_statue_intersection
D:8:      layout_rooms, hangedman_incinerator
D:9:      layout_basic, kennysheep_mini, orc_david_3, uniq_pikel, uniq_grum
D:10:     layout_cave_pools, minmay_lair_entry_grove, serial_column_ruins,
          column_ruins_pillar_3, column_ruins_pillar_2, column_ruins_pillar_2,
          column_ruins_pillar_4, column_ruins_pillar_1, column_ruins_pillar_1,
          column_ruins_pillar_6, column_ruins_pillar_6, column_ruins_pillar_10,
          column_ruins_pillar_3, column_ruins_pillar_12, column_ruins_pillar_10,
          uniq_snorg
D:11:     layout_basic, nrook_mini_vaults, uniq_urug
D:12:     layout_loops_ring
D:13:     layout_loops_ring, erik_vaults_1, serial_glass, glass_columns_a,
          glass_columns_b, glass_columns_b, glass_columns_a, glass_columns_a,
          glass_columns_a, glass_columns_b, glass_columns_a,
          minmay_the_grid_square_5x5_3x3_mashed
          [minmay_the_grid_square_5x5_two_small, minmay_the_grid_square_5x5_v,
          minmay_the_grid_square_5x5_bite, minmay_the_grid_square_5x5_empty,
          minmay_the_grid_square_5x5_megaprize_hollow,
          minmay_the_grid_square_5x5_checkered,
          minmay_the_grid_square_5x5_hourglass,
          minmay_the_grid_square_5x5_n_small, minmay_the_grid_square_5x5_corner]
D:14:     minmay_inside_and_out, layout_cave_pools
D:15:     hangedman_depths_entry_try_elsewhere_first, layout_cave_pools,
          chequers_garden, roderic_lattice_a
Temple:   corrupted_temple
Lair:1:   layout_roguey, chequers_serial_rivers_marsh, uniq_gastronok
Lair:2:   layout_cave_pods, elwin_shoals_entry_rooms,
          minmay_snake_entry_guardpost_small, guppyfry_lair_drakes, uniq_erica
Lair:3:   layout_regular_city, grunt_megastairs_1
Lair:4:   layout_regular_city, infiniplex_staircase_pool_2,
          minmay_lair_oklob_chamber
Lair:5:   layout_hall_layers, bobbens_ice_dragon_lair
Lair:6:   minmay_lair_end_frog_pond, layout_big_grid,
          minmay_slime_entry_pillars, gauntlet_entry_generic, lemuel_fruit_tree
Shoals:1: layout_shoals
Shoals:2: layout_shoals, nicolae_shoals_circle_sea_wall,
          nicolae_shoals_isolated_beach
Shoals:3: layout_shoals, centaur_isle, uniq_polyphemus, uniq_ilsuiw
Shoals:4: shoals_end_simple, layout_shoals, portal_ice_cave_entry_pillars_1
Snake:1:  layout_onion_interference, basic_altar, drop_trap, minmay_shop_grove,
          uniq_asterion
Snake:2:  layout_misc_corridors, grunt_megastairs_3, uniq_agnes
Snake:3:  gammafunk_the_bubble [the_bubble_gammafunk_grid],
          layout_misc_corridors, drop_trap, nicolae_snake_squiggles, uniq_aizul
Snake:4:  snake_pit_salamanders_mu, layout_basic, serial_shops, bzr_entry_islet,
          serial_bayou_pond_d, drop_trap, st_stairs_3, serial_bayou_shore_b
Orc:1:    layout_diamond_mine
Orc:2:    st_orc_rangers, layout_caves, serial_shops,
          nicolae_shop_overgrown_old_shop, minmay_shop_enchanted_jewellery,
          uniq_donald
Elf:1:    eino_elf_arrival_the_gate, layout_geoelf_grid,
          kennysheep_underground_church
Elf:2:    layout_geoelf_diagonals, serial_shops, nicolae_shop_waterfront,
          lemuel_flamethrower_3
Elf:3:    minmay_elf_hall_dome, layout_rooms, serial_shops, shop, basic_altar,
          uniq_mara, uniq_roxanne
Vaults:1: nicolae_vaults_an_arrangement, hangedman_vaults_river_flow,
          ontoclasm_vaults_gateway, v_misc_19, vaults_dpeg_ring,
          nicolae_vaults_triangles, nicolae_vaults_asterisk,
          layout_vaults_omnigrid, basic_altar, serial_shops,
          nicolae_shop_overgrown_old_shop, uniq_nikola
Vaults:2: nicolae_vaults_three_branches, v_misc_5, vaults_door_vault,
          grunt_vaults_swirl, nicolae_vaults_border_crossing, v_misc_26,
          grunt_vaults_bifocal, hangedman_vaults_trim, vaults_room_hallway,
          v_misc_13, nicolae_vaults_little_squares_6,
          nicolae_vaults_little_squares_1, ontoclasm_vaults_shuriken, v_misc_19,
          layout_vaults_maze_snakey
Vaults:3: ontoclasm_vaults_spin, st_hourglassy, nicolae_vaults_little_squares_4,
          nicolae_vaults_mini_display_case, hangedman_vaults_stretched_pinwheel,
          minmay_crypt_entry_nasty_monster, vaults_mumra_minichess,
          nicolae_vaults_angled_halls, hangedman_vaults_trim,
          hangedman_vaults_trim, nicolae_vaults_diagonal_hallway_7,
          nicolae_vaults_sealed_display, layout_vaults_big_room
Vaults:4: ontoclasm_vaults_eye, nicolae_vaults_what_the_h,
          hangedman_vaults_slice, nicolae_vaults_twisting_passages,
          nicolae_vaults_asterisk, ontoclasm_vaults_ligature, v_rooms_2,
          ontoclasm_vaults_twist, nicolae_vaults_shelves_hall, v_misc_18,
          nicolae_vaults_little_squares_5, grunt_vaults_hallway_short,
          layout_vaults_ring, serial_shops, shop_fountains
Vaults:5
Depths:1: layout_cave_shapes, pf_coc_iceberg, abyss_entry_small_statue_room,
          basic_altar, minmay_statues_item, kb_rosetta
Depths:2: hangedman_arch_fort, layout_gridlike, hangedman_geh_valley, pan_entry,
          kennysheep_pointless_box, minivault_1,
          minmay_fractal_squares_diagonal_5, infiniplex_staircase_pool_lava
Depths:3: cheibrodos_lost_city_excavation, layout_basic, ziggurat_fallback,
          abyss_entry, infiniplex_staircase_split_hallway,
          grunt_pan_entry_sceptre, grunt_hell_entry_dis_grunt
Depths:4: minmay_fractal_lines_corner, layout_basic, abyss_entry, hell_entry,
          serial_bayou_lagoon_a, chequers_serial_rivers_small_3,
          infiniplex_staircase_river, uniq_saint_roka, uniq_margery
Depths:5: grunt_zot_entry_gee_three, layout_cave_pools,
          pf_hell_entry_tar_spiral, serial_sigils_hangedman_snap,
          dk_noncrumbling_2
Zot:1:    minmay_elemental_castle, layout_gridlike
Zot:2:    layout_onion_interference, nicolae_transmutations_shop,
          bh_zot_levy_curve, uniq_tiamat
Zot:3:    layout_basic, hangedman_zot_spectrum, grunt_megastairs_4
Zot:4:    grunt_zot_stairs_mandelzot, layout_basic
Zot:5:    layout_misc_corridors

Skill      XL: |  1  2  3  4  5  6  7  8  9 10 11 12 13 14 15 16 17 18 19 20 21 22 23 24 25 26 27 |
---------------+----------------------------------------------------------------------------------+-----
Axes           | 3 4 5 6 8 10 11 12 14 15 16 17 18 | 18.0
Shields        | 3 4 5 6 7 8 9 10 11 12 13 14 15 | 15.0
Armour         | 3 4 5 6 7 8 9 10 11 12 13 14 15 17 18 19 21 | 21.8
Fighting       | 4 5 6 7 8 9 10 11 12 13 14 15 16 17 18 19 23 | 23.9
Invocations    | 2 3 6 |  6.0
Evocations     | 2 4 6 7 8 9 10 12 13 14 15 16 17 18 22 | 22.0
Dodging        | 3 4 6 7 9 11 12 14 15 16 19 | 19.4

Action                   |  1- 3 |  4- 6 |  7- 9 | 10-12 | 13-15 | 16-18 | 19-21 | 22-24 | 25-27 || total
-------------------------+-------+-------+-------+-------+-------+-------+-------+-------+-------++-------
Melee: War axe           |    99 |   207 |    18 |   228 |   818 |       |       |       |       ||  1370
       Flail             |       |       |   263 |   122 |       |       |       |       |       ||   385
       Constrict         |       |       |       |       |   160 |   192 |   287 |   187 |   292 ||  1118
       Broad axe         |       |       |       |       |    48 |  1062 |  1534 |  1227 |  2354 ||  6225
       Unarmed           |       |       |       |       |       |       |       |       |     5 ||     5
Invok: Heroism           |       |       |     2 |    14 |    20 |     7 |    10 |     6 |    11 ||    70
       Finesse           |       |       |       |       |       |       |       |     1 |     1 ||     2
 Abil: Spit Poison       |     1 |     3 |       |     1 |       |       |       |       |       ||     5
       Evoke Blink       |       |       |       |       |       |       |       |       |     2 ||     2
Evoke: Wand              |       |       |     7 |     6 |    10 |    16 |     4 |       |     1 ||    44
       Tin of tremorston |       |       |       |     1 |     4 |     5 |    10 |     6 |     8 ||    34
       Condenser vane    |       |       |       |       |       |     2 |     1 |       |     2 ||     5
  Use: Potion            |       |     4 |       |     8 |     1 |     1 |     3 |     1 |    20 ||    38
       Scroll            |       |     6 |     2 |     7 |    14 |    12 |    13 |     9 |    25 ||    88
 Stab: Sleeping          |       |       |       |     5 |       |       |       |       |       ||     5
       Invisible         |       |       |       |     1 |       |       |       |       |       ||     1
       Paralysed         |       |       |       |     1 |       |       |       |       |       ||     1
       Distracted        |       |       |       |       |       |     1 |     1 |     1 |     2 ||     5
       Petrified         |       |       |       |       |       |       |     3 |       |       ||     3
       Petrifying        |       |       |       |       |       |       |     1 |       |       ||     1
       Confused          |       |       |       |       |       |       |       |       |     1 ||     1
Armor: Scale mail        |    66 |   121 |    74 |    17 |     7 |       |       |       |       ||   285
       Chain mail        |       |       |       |   129 |    31 |       |       |       |       ||   160
       Plate armour      |       |       |       |       |   203 |   468 |   792 |    89 |       ||  1552
       Crystal plate arm |       |       |       |       |       |       |       |   609 |  1400 ||  2009
Dodge: Dodged            |    29 |    74 |    53 |    64 |    63 |   121 |   294 |   335 |   810 ||  1843
Block: Kite shield       |    60 |   134 |   208 |   274 |   128 |       |       |       |       ||   804
       Reflection        |       |       |     6 |    14 |     8 |       |       |       |    15 ||    43
       Tower shield      |       |       |       |       |   577 |   877 |  1557 |  1274 |  2850 ||  7135

Table legend: (Time is in decaauts)
 A = Elapsed time spent in this place.
 B = Non-inter-level travel time spent in this place.
 C = Inter-level travel time spent in this place.
 D = Time resting spent in this place.
 E = Time spent auto-exploring this place.
 F = Levels seen in this place.
 G = Mean time per level.
                   A        B        C        D        E       F      G
               +--------+--------+--------+--------+--------+-----+--------+
         Total |  58143 |  53842 |   4301 |   5977 |  32685 |  64 |  908.5 |
       Dungeon |  15658 |  14121 |   1537 |    743 |   9331 |  15 | 1043.9 |
        Temple |     81 |     61 |     20 |      0 |     44 |   1 |   81.0 |
          Lair |   8083 |   7408 |    675 |   1175 |   5145 |   6 | 1347.2 |
        Shoals |   4101 |   3805 |    296 |    669 |   1972 |   4 | 1025.2 |
     Snake Pit |   4458 |   4099 |    359 |      0 |   2732 |   4 | 1114.5 |
  Orcish Mines |   1850 |   1612 |    238 |     90 |   1033 |   2 |  925.0 |
   Elven Halls |   4619 |   4420 |    199 |   1775 |   1630 |   3 | 1539.7 |
        Vaults |   7846 |   7307 |    539 |    129 |   5104 |   5 | 1569.2 |
        Depths |   6003 |   5808 |    195 |    367 |   3798 |   5 | 1200.6 |
           Zot |   2234 |   1996 |    238 |    658 |    245 |   5 |  446.8 |
         Abyss |    246 |    246 |      0 |     50 |     68 |   1 |  246.0 |
      Ziggurat |    718 |    718 |      0 |    188 |    154 |  10 |   71.8 |
        Bazaar |    750 |    750 |      0 |     39 |    617 |   1 |  750.0 |
      Ice Cave |    664 |    664 |      0 |     64 |    381 |   1 |  664.0 |
      Gauntlet |    827 |    827 |      0 |     26 |    424 |   1 |  827.0 |
               +--------+--------+--------+--------+--------+-----+--------+

Top non-repeatable levels by time:
   Elf:3: 2142 daAuts
Vaults:4: 1891 daAuts
  Lair:2: 1832 daAuts
Vaults:3: 1786 daAuts
Depths:4: 1527 daAuts
     D:9: 1527 daAuts
 Snake:4: 1525 daAuts
  Lair:1: 1501 daAuts
Depths:2: 1471 daAuts
Vaults:2: 1459 daAuts
Depths:3: 1436 daAuts
Vaults:5: 1362 daAuts
     D:8: 1359 daAuts
Vaults:1: 1346 daAuts
  Lair:6: 1340 daAuts
